 Dungeon Crawl Stone Soup version 0.22-a0-567-gff9aefc (webtiles) character file.

7718 jamsan the Carver (level 11, -5/89 HPs)
             Began as a Human Monk on June 29, 2018.
             Was an Elder of the Shining One.
             Killed from afar by a raiju (24 damage)
             ... with a living lightning
             ... on level 1 of the Abyss.
             The game lasted 00:51:28 (17001 turns).

jamsan the Carver (Human Monk)                     Turns: 17001, Time: 00:51:29

Health: -5/89      AC: 11    Str: 16    XL:     11   Next: 42%
Magic:  14/14      EV: 12    Int: 11    God:    the Shining One [****..]
Gold:   449        SH:  3    Dex: 16    Spells: 10/10 levels left

rFire    + . .     SeeInvis +   a - +1 falchion
rCold    . . .     Gourm    .   (no shield)
rNeg     + + .     Faith    .   B - +2 ring mail {rF+}
rPois    .         Spirit   .   o - +2 hat
rElec    .         Reflect  +   n - +0 cloak
rCorr    .         Harm     .   (no gloves)
MR       .....                  (no boots)
Stlth    +.........             i - +3 amulet of reflection
HPRegen  0.24/turn              s - ring of see invisible
MPRegen  0.14/turn              x - +2 ring of strength

@: about to teleport, glowing
A: no striking features
a: Divine Shield, Cleansing Flame, Renounce Religion


You were on level 1 of the Abyss.
You worshipped the Shining One.
The Shining One was greatly pleased with you.
You were not hungry.

You visited 2 branches of the dungeon, and saw 12 of its levels.
You visited the Abyss 1 time.

You collected 449 gold pieces.

Inventory:

Hand Weapons
 a - a +1 falchion (weapon)
 b - a +0 hunting sling
Missiles
 d - 463 stones
 v - 71 sling bullets (quivered)
Armour
 n - a +0 cloak (worn)
 o - a +2 hat (worn)
 B - a +2 ring mail of fire resistance (worn)
Jewellery
 i - a +3 amulet of reflection (around neck)
 p - an uncursed ring of positive energy {unknown}
 s - a ring of see invisible (left hand)
 x - a +2 ring of strength (right hand)
 A - an uncursed ring of wizardry
 C - an uncursed ring of resist corrosion
 I - an uncursed ring of protection from cold {unknown}
Wands
 t - a wand of digging (16)
 z - a wand of flame (17)
Scrolls
 g - a scroll of teleportation
 h - a scroll of enchant weapon
 q - a scroll of blinking
 u - 7 scrolls of remove curse
 w - 2 scrolls of identify
 y - 2 scrolls of brand weapon {unknown}
 D - 2 scrolls of magic mapping
 F - a scroll of enchant armour {unknown}
 H - a scroll of fear {unknown}
Potions
 f - 3 potions of flight
 j - a potion of ambrosia {unknown}
 k - 3 potions of might
 l - a potion of brilliance
 m - a potion of cancellation
 r - a potion of mutation {unknown}
 E - a potion of resistance
Comestibles
 c - 14 rations


   Skills:
 + Level 9.0 Fighting
 * Level 12.1 Long Blades
 + Level 7.2 Armour
 - Level 3.0 Dodging
 - Level 2.0 Stealth
 + Level 4.8 Invocations


You had 10 spell levels left.
You didn't know any spells.
Your spell library contained the following spells:

 Spells                   Type           Power        Failure   Level  Hunger
 Confuse                  Hex            #.......     88%         3    ####...
 Spider Form              Tmut/Pois      #.........   88%         3    ####...
 Blade Hands              Tmut           #.........   100%        5    ######.
 Ice Form                 Ice/Tmut       #.......     99%         4    #####..
 Confusing Touch          Hex            #.....       52%         1    ##.....
 Sticks to Snakes         Tmut           #.......     67%         2    ###....
 Metabolic Englaciation   Hex/Ice        #.........   100%        5    ######.
 Petrify                  Tmut/Erth      #.......     99%         4    #####..
 Beastly Appendage        Tmut           #.....       52%         1    ##.....
 Gell's Gravitas          Tloc           #.........   88%         3    ####...
 Yara's Violent Unravell  Hex/Tmut       #.........   100%        5    ######.


Dungeon Overview and Level Annotations

Branches:
Dungeon (11/15)            Temple (1/1) D:4            Lair (0/6) D:9
    Orc: D:9-12

Altars:
Ashenzari
Cheibriados
Dithmenos
Elyvilon
Fedhas
Gozag
Hepliaklqana
Kikubaaqudgha
Makhleb
Nemelex Xobeh
Okawaru
Qazlal
Ru
Sif Muna
Trog
Uskayaw
Vehumet
Wu Jian
Xom
Yredelemnul
Zin
The Shining One

Annotations:
D:4 1 runed door, exclusion: downstairs, Turgon's ghost, amateur OpAr
D:6 3 runed doors, Salmacis's ghost, novice FoFi
D:11 Erolcha; Sonja


Message History

The harpy zombie is almost destroyed.
The harpy zombie claws you.
* * * LOW HITPOINT WARNING * * *
The harpy zombie claws you but does no damage.
The harpy zombie claws you!
* * * LOW HITPOINT WARNING * * *
You block the harpy zombie's attack.
You slash the harpy zombie!
You destroy the harpy zombie!
The Shining One accepts your kill.
You feel better.
You start resting.
A raiju comes into view.
As you read the scroll of teleportation, it crumbles to dust.
You feel strangely unstable.
You feel the power of the Abyss delaying your translocation!
The raiju barks!
You hear a bark! x2
The raiju bursts into living lightning!
The living lightning hits you!
You die...

# # #. . ## # #.#
# .#. .# #.###.#
#.. #..... ##.#..
#.### ###..## ..#
. ## #
#...#####........
. ...#.#...##..
.## ...# .
#..#...#.# #. ..
.. ..
#....@#..#..#.
..# # #.#.#...###
#.. # ### #.#...#
# .##... #....#
#. # #
#....h..#.# # ...
. .##.##.#..# .#
# ## .. #. ..# .
.. .. .. .. ##. #
. .... # #.. .#
.. . ∩..


You could see a raiju.

Vanquished Creatures
  2 two-headed ogres
  Joseph (D:8)
  A harpy zombie (Abyss:1)
  Grinder (D:5)
  A hippogriff (D:8)
  A wyvern (D:11)
  6 yaks (D:10)
  2 hungry ghosts
  2 hell hounds
  A water moccasin (D:8)
  A sky beast (D:6)
  2 orc warriors
  2 black bears
  A necrophage (D:6)
  8 ogres
  2 centaurs
  A big kobold (D:10)
  A wyvern zombie (D:7)
  2 bullfrogs (D:6)
  2 gnoll sergeants
  5 scorpions
  A water moccasin skeleton (D:6)
  8 killer bees
  6 howler monkeys
  5 crimson imps
  2 quasits
  2 hounds
  2 bullfrog zombies
  5 orc wizards
  A centaur zombie (D:9)
  2 jellies (D:8)
  6 orc priests
  2 centaur skeletons
  2 iguanas (D:6)
  6 worker ants
  2 hound skeletons
  14 gnolls
  7 adders
  3 shadow imps
  2 oozes
  3 worms
  2 dart slugs
  2 leopard geckos
  20 orcs
  2 ball pythons
  3 giant cockroaches
  8 goblins
  8 hobgoblins
  10 jackals
  9 kobolds
  4 quokkas
  3 bats
  4 frilled lizards
  2 jackal skeletons
  3 rats (D:2)
206 creatures vanquished.

Notes
Turn   | Place    | Note
-------+----------+-------------------------------------------
     0 | D:1      | jamsan the Human Monk began the quest for the Orb.
     0 | D:1      | Reached XP level 1. HP: 18/18 MP: 1/1
   192 | D:1      | Reached XP level 2. HP: 23/24 MP: 2/2
  1008 | D:1      | Reached XP level 3. HP: 29/29 MP: 3/3
  1270 | D:2      | Reached skill level 4 in Long Blades
  1542 | D:2      | Reached XP level 4. HP: 35/35 MP: 4/4
  2335 | D:3      | Reached XP level 5. HP: 42/42 MP: 5/5
  2842 | D:3      | Found a hide-covered altar of Uskayaw.
  2932 | D:3      | Reached skill level 5 in Long Blades
  3506 | D:4      | Found a shimmering altar of Xom.
  3572 | D:4      | Noticed an ogre
  3580 | D:4      | Killed an ogre
  3580 | D:4      | Reached XP level 6. HP: 49/49 MP: 6/6
  3941 | D:4      | Found a staircase to the Ecumenical Temple.
  4237 | D:4      | Found a runed door.
  4239 | D:4      | Found a shimmering altar of Xom.
  4239 | D:4      | Noticed Turgon's ghost (amateur OpAr)
  4239 | D:4      | Noticed a hand axe of chaos
  4509 | Temple   | Entered the Ecumenical Temple
  4596 | Temple   | Became a worshipper of the Shining One
  4596 | Temple   | Reached * piety under the Shining One
  4596 | Temple   | Reached ** piety under the Shining One
  4663 | D:5      | Entered Level 5 of the Dungeon
  4707 | D:5      | Reached skill level 6 in Long Blades
  4712 | D:5      | Reached XP level 7. HP: 41/55 MP: 7/7
  4888 | D:5      | Noticed Grinder
  4894 | D:5      | Paralysed by Grinder for 6 turns
  4907 | D:5      | Paralysed by Grinder for 3 turns
  5218 | D:5      | Reached skill level 5 in Fighting
  6249 | D:6      | Reached skill level 7 in Long Blades
  6249 | D:6      | Reached skill level 1 in Armour
  6333 | D:6      | Reached XP level 8. HP: 63/63 MP: 8/8
  6386 | D:6      | Found a burning altar of Makhleb.
  6905 | D:6      | Reached skill level 8 in Long Blades
  7639 | D:6      | Reached skill level 1 in Invocations
  7670 | D:6      | Found a runed gate.
  7670 | D:6      | Found a runed gate.
  7670 | D:6      | Found a runed gate.
  7670 | D:6      | Noticed Salmacis's ghost (novice FoFi)
  8189 | D:7      | Found a shattered altar of Ashenzari.
  8213 | D:7      | Reached XP level 9. HP: 69/69 MP: 9/9
  9000 | D:7      | Reached *** piety under the Shining One
  9005 | D:7      | Reached skill level 9 in Long Blades
  9265 | D:8      | Noticed Joseph
  9685 | D:8      | Noticed a two-headed ogre
 10174 | D:8      | Found a white marble altar of Elyvilon.
 10580 | D:8      | Found a deep blue altar of Sif Muna.
 10585 | D:8      | Found an ornate altar of the Wu Jian Council.
 10588 | D:8      | Found a blossoming altar of Fedhas.
 10820 | D:8      | Killed Joseph
 10820 | D:8      | Reached XP level 10. HP: 59/79 MP: 12/12
 10990 | D:8      | Reached skill level 10 in Long Blades
 11184 | D:9      | Reached skill level 5 in Armour
 11281 | D:9      | Noticed a two-headed ogre
 12673 | D:9      | Found a staircase to the Lair.
 13607 | D:8      | Killed a two-headed ogre
 13607 | D:8      | Reached skill level 11 in Long Blades
 14422 | D:5      | Paralysed by Grinder for 6 turns
 14446 | D:5      | Killed Grinder
 14806 | D:9      | Found a sacrificial altar of Ru.
 14877 | D:9      | Killed a two-headed ogre
 14877 | D:9      | Reached XP level 11. HP: 49/87 MP: 13/13
 15241 | D:10     | Entered Level 10 of the Dungeon
 15594 | D:10     | Reached **** piety under the Shining One
 16075 | D:10     | Reached skill level 12 in Long Blades
 16436 | D:11     | Noticed a manticore
 16913 | D:11     | Noticed Sonja
 16917 | D:11     | Noticed Erolcha
 16917 | D:11     | Cast into level 1 of the Abyss (Erolcha)
 17001 | Abyss:1  | Killed from afar by a raiju

Vault maps used:
D:1:      eino_arrival_cavern_a
D:3:      eat_drink_and_be_merry_uskayaw, first_ration
D:4:      xom_butterflies, minmay_temple_entry_large_hall, ebering_ghost_xom
D:5:      lemuel_old_faithful, uniq_blork_the_orc, uniq_grinder
D:6:      makhleb_blood_cavern_becter, ebering_ghost_rock_garden, minivault_4
D:7:      grunt_ogre_cave, nicolae_ashenzari_panopticon
D:8:      minmay_overflow_temple_star_quad, elyvilon_altar_5, roderic_lattice_a,
          uniq_joseph
D:9:      kennysheep_mini_moat, minmay_lair_entry_lava
D:11:     uniq_maurice, uniq_sonja, uniq_erolcha, uniq_psyche
Temple:   nicolae_temple_great_sept
Abyss:1:  minivault_23

Skill      XL: |  1  2  3  4  5  6  7  8  9 10 11 |
---------------+----------------------------------+-----
Long Blades    | 4 5 6 7 8 9 11 12 | 12.1
Fighting       | 4 5 6 7 8 9 |  9.0
Armour         | 1 3 4 6 7 |  7.2
Invocations    | 1 3 4 |  4.8
Dodging        | |  3.0
Stealth        | |  2.0

Action                   |  1- 3 |  4- 6 |  7- 9 | 10-12 || total
-------------------------+-------+-------+-------+-------++-------
Melee: Falchion          |   119 |   153 |   337 |   453 ||  1062
 Fire: Hunting sling     |       |    31 |    57 |    73 ||   161
Invok: Divine Shield     |       |       |       |     1 ||     1
  Use: Scroll            |     4 |       |     5 |    15 ||    24
       Potion            |       |       |     4 |     4 ||     8
 Stab: Sleeping          |     2 |       |       |       ||     2
  Eat: Chunk             |     2 |     9 |     8 |     1 ||    20
       Ration            |       |       |     4 |     6 ||    10
Armor: Robe              |    11 |       |       |       ||    11
       Chain mail        |    47 |   108 |    95 |       ||   250
       Ring mail         |       |       |    47 |   168 ||   215
Dodge: Dodged            |    71 |    61 |   144 |   262 ||   538
Block: Other             |       |       |    19 |    54 ||    73
       Reflection        |       |       |     2 |     2 ||     4
       Rpst.: Falchion   |    19 |    13 |    37 |    67 ||   136

Table legend:
 A = Spawn XP
 B = Non-spawn XP
 C = Spawn XP percentage of total XP
 D = Spawn monster count
 E = Non-spawn monster count
 F = Spawn count percentage of total count
 G = Total turns spent on level
                    A         B        C        D         E        F      G
               +---------+---------+-------+---------+---------+-------+---------
         Total |     301 |   10725 |   2.7 |       1 |     205 |   0.5 | 17001
               +---------+---------+-------+---------+---------+-------+---------
           D:1 |       0 |      29 |   0.0 |       0 |      15 |   0.0 |  1097
           D:2 |       0 |     104 |   0.0 |       0 |      26 |   0.0 |  1323
           D:3 |       0 |      73 |   0.0 |       0 |      12 |   0.0 |   959
           D:4 |       0 |     223 |   0.0 |       0 |      11 |   0.0 |  1351
           D:5 |       0 |     566 |   0.0 |       0 |      13 |   0.0 |  1320
           D:6 |       0 |    1302 |   0.0 |       0 |      25 |   0.0 |  2430
           D:7 |       0 |     945 |   0.0 |       0 |      19 |   0.0 |  1780
           D:8 |       0 |    3330 |   0.0 |       0 |      40 |   0.0 |  3892
           D:9 |       0 |    1500 |   0.0 |       0 |      12 |   0.0 |   990
          D:10 |       0 |    2081 |   0.0 |       0 |      26 |   0.0 |  1230
          D:11 |       0 |     572 |   0.0 |       0 |       6 |   0.0 |   446
       Abyss:1 |     301 |       0 | 100.0 |       1 |       0 | 100.0 |    84
               +---------+---------+-------+---------+---------+-------+---------
